 Dungeon Crawl Stone Soup version 0.30-a0-643-g638baaf3f0 (webtiles) character file.

Game seed: 2542996704786706271

717 Citaku the Shooter (level 7, -3/42 HPs)
             Began as a Tengu Hunter on Jan 16, 2023.
             Slain by an orc warrior
             ... wielding a +0 dire flail
              (9 damage)
             ... on level 4 of the Dungeon.
             The game lasted 00:05:00 (1874 turns).

Citaku the Shooter (Tengu Hunter)                   Turns: 1874, Time: 00:05:01

Health: -3/42      AC:  3    Str: 13    XL:     7   Next: 70%
Magic:  0/8        EV: 17    Int: 10    God:
Gold:   140        SH:  0    Dex: 17    Spells: 6/6 levels left

rFire   . . .      SeeInvis .    a - +0 shortbow
rCold   + . .      Faith    .    (shield currently unavailable)
rNeg    . . .      Spirit   +    c - +0 leather armour
rPois   .          Reflect  .    (helmet restricted)
rElec   .          Harm     .    (no cloak)
rCorr   .          Rampage  .    (no gloves)
Will    .....                    (boots unavailable)
Stlth   ++                       e - amulet of guardian spirit
HPRegen 0.27/turn                k - ring of protection from cold
MPRegen 0.11/turn                (no ring)

@: flying quickly and evasively, quick
A: beak, talons 3, nimble flight
a: no special abilities


You were on level 4 of the Dungeon.
You visited 1 branch of the dungeon, and saw 3 of its levels.

You collected 140 gold pieces.

Inventory:

Hand Weapons
 a - a +0 shortbow (weapon)
Armour
 c - a +0 leather armour (worn)
Jewellery
 e - an amulet of guardian spirit (around neck)
 k - a ring of protection from cold (left hand)
Wands
 g - a wand of charming (2)
Scrolls
 b - a scroll of immolation
 f - a scroll of fog {unknown}
 i - 3 scrolls of teleportation {unknown}
 l - a scroll of identify {unknown}
Potions
 d - a potion of heal wounds {unknown}
 h - a potion of curing {unknown}
 j - a potion of mutation {unknown}
 m - a potion of attraction {unknown}


   Skills:
 + Level 3.8 Fighting
 * Level 6.8 Ranged Weapons
 * Level 5.5 Dodging
 + Level 3.5 Stealth


You had 6 spell levels left.
You didn't know any spells.
Your spell library contained the following spells:

 Spells                   Type           Power      Damage    Failure   Level
 Kiss of Death            Conj/Necr      0%         2d5       43%         1
 Slow                     Hex            0%         N/A       43%         1
 Confusing Touch          Hex            0%         N/A       82%         3
 Ozocubu's Armour         Ice            0%         N/A       82%         3
 Vampiric Draining        Necr           0%         2d6       82%         3
 Dispel Undead            Necr           0%         3d6       99%         4
 Ozocubu's Refrigeration  Ice            0%         4d7       100%        7


Dungeon Overview and Level Annotations

Branches:
Dungeon (2/15)

Altars:
Nemelex Xobeh

Annotations:
D:4 Menkaure


Innate Abilities, Weirdness & Mutations

You have a beak for a mouth.
You have claws for feet.
Your magical nature lets you fly swiftly and evasively.


Message History

The orc warrior is moderately wounded.
The kobold closely misses you.
Fire: a) +0 shortbow
Press: ? - help, Q - select action, (/) - cycle Shift-Dir - straight line, f/p - orc warrior
Aim: an orc warrior, wielding a +0 dire flail and wearing a +0 chain mail (moderately wounded, 61% to hit)
You shoot an arrow.
The arrow hits the kobold but does no damage.
The kobold closely misses you.
Fire: a) +0 shortbow
Press: ? - help, Q - select action, (/) - cycle Shift-Dir - straight line, f/p - orc warrior
Aim: an orc warrior, wielding a +0 dire flail and wearing a +0 chain mail (moderately wounded, 61% to hit)
You shoot an arrow.
The arrow barely misses the orc warrior.
The arrow completely misses the kobold.
The arrow hits the orc.
The orc is severely wounded.
The orc warrior hits you with a +0 dire flail.
* * * LOW HITPOINT WARNING * * *
The orc closely misses you.
Fire: a) +0 shortbow
Press: ? - help, Q - select action, (/) - cycle Shift-Dir - straight line, f/p - orc warrior
Aim: an orc warrior, wielding a +0 dire flail and wearing a +0 chain mail (moderately wounded, 61% to hit)
You shoot an arrow.
The arrow closely misses the orc warrior.
The arrow closely misses the orc.
The arrow hits the kobold but does no damage.
The orc warrior hits you with a +0 dire flail!
* * * LOW HITPOINT WARNING * * *
The orc misses you.
Fire: a) +0 shortbow
Press: ? - help, Q - select action, (/) - cycle Shift-Dir - straight line, f - you, p - orc warrior
Okay, then.
Things that are here:
a +0 dagger; a +0 leather armour Fire: a) +0 shortbow
Press: ? - help, Q - select action, (/) - cycle Shift-Dir - straight line, f/p - orc warrior
Aim: an orc warrior, wielding a +0 dire flail and wearing a +0 chain mail (moderately wounded, 61% to hit)
You shoot an arrow. The arrow hits the orc warrior.
The orc warrior is moderately wounded.
The orc warrior hits you with a +0 dire flail!
You die...

.# .... #..# #..#~~≈≈# .##.#.#
.#..# #.#≈≈≈≈~. .##.#.###.#..#
##.≈≈≈~)~ ......#.. #..#
##~≈≈≈~#~ ........# #..#
#~~~~#≈~~ .##.#...###..#
######~≈≈÷~≈~. .##.#...##...#
#.†....≈≈~~~~<
....#...###.o#######.##..~~≈~~~~.
..........K.oo.o@....###.~≈≈≈≈≈~≈
######..###.########.# #.#≈~≈≈≈~.
######..# #.# #.# #...~≈≈≈~.
........# #.# #.# ##.#≈≈≈#~[
######.####.# #.# ####≈≈~≈≈
######....=.# #.# ##.~≈≈
.......###### #.# #..##≈~
######.# #.# #.####. #.# ........


You could see an orc warrior, 3 orcs and a kobold.

Vanquished Creatures
  Pikel (D:4)
  A phantom (D:4)
  A lemure (D:4)
  A necrophage (D:4)
  A hound (D:4)
  Jessica (D:2)
  2 adders
  A worm (D:2)
  10 dart slugs
  3 orcs (D:4)
  3 endoplasms
  3 giant cockroaches
  4 goblins
  2 hobgoblins (D:4)
  4 quokkas
  7 ball pythons
  5 kobolds
  3 rats
53 creatures vanquished.

Notes
Turn   | Place    | Note
-------+----------+-------------------------------------------
     0 | D:1      | Citaku the Tengu Hunter began the quest for the Orb.
     0 | D:1      | Reached XP level 1. HP: 12/12 MP: 2/2
   149 | D:1      | Reached XP level 2. HP: 17/17 MP: 3/3
   569 | D:2      | Found a sparkling altar of Nemelex Xobeh.
   572 | D:2      | Noticed Jessica
   588 | D:2      | Killed Jessica
   589 | D:2      | Reached XP level 3. HP: 22/22 MP: 4/4
   794 | D:2      | Reached XP level 4. HP: 27/27 MP: 5/5
   847 | D:2      | Reached skill level 5 in Ranged Weapons
   939 | D:2      | You fall into a shaft and drop 2 floors!
   980 | D:4      | HP: 1/27 [poisoned by an orc]
  1214 | D:4      | Noticed a phantom
  1240 | D:4      | Noticed a necrophage
  1243 | D:4      | Killed a phantom
  1244 | D:4      | Gained mutation: Your magical nature lets you fly swiftly
                  | and evasively. [Tengu growth]
  1244 | D:4      | Reached XP level 5. HP: 5/32 MP: 1/6
  1269 | D:4      | Noticed Menkaure
  1270 | D:4      | HP: 1/29 [necrophage (1)]
  1275 | D:4      | Reached XP level 6. HP: 2/37 MP: 1/7
  1615 | D:4      | Noticed Pikel
  1652 | D:4      | Killed Pikel
  1653 | D:4      | Reached skill level 6 in Ranged Weapons
  1653 | D:4      | Reached skill level 5 in Dodging
  1653 | D:4      | Reached XP level 7. HP: 13/42 MP: 3/8
  1874 | D:4      | Slain by an orc warrior

Illustrated notes

Levels and vault maps discovered:
D:1:      psy_arrival_conway, layout_basic
D:2:      minmay_evil_eye, layout_basic, basic_altar, minmay_crystal_room,
          uniq_jessica
D:4:      kennysheep_slugbush, layout_loops_ring, minitemple, uniq_robin,
          uniq_pikel, uniq_menkaure

Skill      XL: |  1  2  3  4  5  6 |
---------------+-------------------+-----
Dodging        | 3 4 5 |  5.5
Ranged Weapons | 5 6 |  6.8
Stealth        | 2 3 |  3.5
Fighting       | 3 |  3.8

Action                   |  1- 3 |  4- 6 |  7- 9 || total
-------------------------+-------+-------+-------++-------
 Fire: Shortbow          |    73 |   130 |    15 ||   218
Armor: Leather armour    |     4 |    11 |     1 ||    16
Dodge: Dodged            |    10 |    54 |    15 ||    79

Table legend: (Time is in decaauts)
 A = Elapsed time spent in this place.
 B = Non-inter-level travel time spent in this place.
 C = Inter-level travel time spent in this place.
 D = Time resting spent in this place.
 E = Time spent auto-exploring this place.
 F = Levels seen in this place.
 G = Mean time per level.
                   A        B        C        D        E       F      G
               +--------+--------+--------+--------+--------+-----+--------+
         Total |   1914 |   1907 |      7 |    390 |   1016 |   3 |  638.0 |
       Dungeon |   1914 |   1907 |      7 |    390 |   1016 |   3 |  638.0 |
               +--------+--------+--------+--------+--------+-----+--------+

Top non-repeatable levels by time:
     D:4: 945 daAuts
     D:1: 537 daAuts
     D:2: 431 daAuts
